 Dungeon Crawl Stone Soup version 0.21.1-1-g345015f (webtiles) character file.

153 halftheisland the Chopper (level 5, 0/36 HPs)
             Began as a Halfling Berserker on Feb 12, 2018.
             Was a Believer of Trog.
             Slain by an orc warrior
             ... wielding a +1 short sword of draining
              (9 damage)
             ... on level 3 of the Dungeon.
             The game lasted 00:04:18 (2213 turns).

halftheisland the Chopper (Halfling Berserker)      Turns: 2213, Time: 00:04:19

Health: 0/36       AC:  4    Str: 19    XL:     5   Next: 61%
Magic:  5/5        EV: 15    Int:  5    God:    Trog [**....]
Gold:   78         SH:  0    Dex: 14    Spells: 4/4 levels left

rFire    . . .     SeeInvis +   a - +1 hand axe
rCold    . . .     Gourm    .   (shield restricted)
rNeg     . . .     Faith    .   b - +0 animal skin
rPois    .         Spirit   .   f - +1 helmet {SInv}
rElec    .         Reflect  .   (no cloak)
rCorr    .         Harm     .   (no gloves)
MR       .....                  (no boots)
Stlth    ++........             (no amulet)
HPRegen  0.12/turn              (no ring)
MPRegen  0.09/turn              (no ring)

@: berserk cooldown, slowed, drained, very slow
A: small, mutation resistance 1
a: Berserk, Trog's Hand, Burn Spellbooks, Renounce Religion


You were on level 3 of the Dungeon.
You worshipped Trog.
Trog was pleased with you.
You were not hungry.

You visited 1 branch of the dungeon, and saw 3 of its levels.

You collected 78 gold pieces.

Inventory:

Hand Weapons
 a - a +1 hand axe (weapon)
Missiles
 g - 15 poisoned needles
 i - 21 stones (quivered)
Armour
 b - a +0 animal skin (worn)
 f - a +1 helmet of see invisible (worn)
Jewellery
 n - a +5 ring of protection {unknown}
Scrolls
 j - 2 scrolls of remove curse {unknown}
 k - a scroll of teleportation {unknown}
 l - 2 scrolls of identify
 m - a scroll of enchant armour {unknown}
Potions
 d - a potion of brilliance {unknown}
 e - 3 potions of curing {unknown}
 h - 2 potions of flight {unknown}
 o - a potion of haste {unknown}
 p - a potion of might {unknown}
Comestibles
 c - a ration


   Skills:
 + Level 3.5(3.1) Fighting
 + Level 4.4(4.0) Axes
 + Level 2.4(2.0) Armour
 + Level 3.0(2.6) Dodging
 + Level 1.5(1.2) Stealth


You had 4 spell levels left.
You didn't know any spells.

Dungeon Overview and Level Annotations

Branches:
Dungeon (3/15)

Altars:
Makhleb
Nemelex Xobeh


Innate Abilities, Weirdness & Mutations

You are small and have problems with some larger weapons.
You are somewhat resistant to further mutation.


Message History

The orc warrior is lightly wounded.
You slash the orc priest! The orc priest closely misses you.
The orc warrior completely misses you.
You hit the orc warrior but do no damage.
The orc warrior is lightly wounded.
You hit the orc priest.
You kill the orc priest!
Trog accepts your kill.
Your base Dodging skill increases to level 3!
You slash the orc warrior!
The orc warrior is heavily wounded.
You are no longer berserk.
You are exhausted.
You feel yourself slow down.
The orc warrior hits you with a short sword of draining.
* * * LOW HITPOINT WARNING * * *
You feel drained. The orc warrior barely misses you.
The orc warrior hits you with a short sword of draining!
You die...

#. #. ### ##. #.# #..
...#.##. #.#
###.#.#.. ... .......
#.#####.#.###
#######.##.......<#
......)o##........#
......).@†........#
......####........#.#
##### #............
#........#..[.
##############


You could see an orc warrior.

Vanquished Creatures
  2 orc priests (D:3)
  An orc wizard (D:3)
  A hound zombie (D:2)
  An adder (D:2)
  A worm (D:2)
  A dart slug (D:1)
  2 leopard geckos
  2 orcs (D:3)
  3 bats
  2 giant cockroaches (D:1)
  A hobgoblin (D:1)
  2 jackals (D:1)
  A quokka (D:3)
  5 frilled lizards
  5 goblins
  4 kobolds
  6 rats
40 creatures vanquished.

Notes
Turn   | Place    | Note
-------+----------+-------------------------------------------
     0 | D:1      | halftheisland the Halfling Berserker began the quest for the Orb.
     0 | D:1      | Reached XP level 1. HP: 15/15 MP: 1/1
   337 | D:1      | Reached XP level 2. HP: 13/20 MP: 2/2
  1110 | D:1      | Reached XP level 3. HP: 13/26 MP: 3/3
  1574 | D:2      | Found a sparkling altar of Nemelex Xobeh.
  1663 | D:2      | Found a burning altar of Makhleb.
  1663 | D:2      | Noticed an Executioner
  1667 | D:2      | Noticed a hellwing
  1667 | D:2      | Noticed a neqoxec
  1733 | D:2      | Reached XP level 4. HP: 25/31 MP: 4/4
  1902 | D:2      | Reached skill level 1 in Stealth
  2195 | D:3      | Noticed an orc warrior
  2200 | D:3      | Reached skill level 4 in Axes
  2209 | D:3      | Reached ** piety under Trog
  2209 | D:3      | Reached XP level 5. HP: 25/36 MP: 5/5
  2213 | D:3      | Slain by an orc warrior

Skill      XL: |  1  2  3  4  5 |
---------------+----------------+-----
Fighting       | 3 |  3.5
Stealth        | 1 |  1.5
Axes           | 4 |  4.4
Dodging        | 3 |  3.0
Armour         | |  2.4

Action                   |  1- 3 |  4- 6 || total
-------------------------+-------+-------++-------
Melee: Hand axe          |   100 |    25 ||   125
Invok: Berserk           |       |     1 ||     1
  Use: Scroll            |     2 |       ||     2
 Stab: Sleeping          |     1 |     1 ||     2
  Eat: Ration            |     1 |     1 ||     2
Armor: Animal skin       |    11 |     2 ||    13
Dodge: Dodged            |    70 |    13 ||    83
